 Dungeon Crawl Stone Soup version 0.18-a0-1784-ga939a68 (webtiles) character file.

2753 Oddball22 the Fighter (level 9, -9/65 HPs)
             Began as a Demigod Hunter on Apr 18, 2016.
             Mangled by a wight
             ... wielding a +3 halberd of freezing
              (15 damage)
             ... on level 8 of the Dungeon.
             The game lasted 00:24:48 (7248 turns).

Oddball22 the Fighter (Demigod Hunter)              Turns: 7248, Time: 00:24:48

Health: -9/65      AC: 11    Str: 15    XL:     9   Next: 18%
Magic:  11/11      EV: 18    Int: 15    God:
Gold:   458        SH:  0    Dex: 22    Spells: 0 memorised, 8 levels left

rFire  + . .     SeeInvis +     c - +7 quarterstaff "Cefenuzoi" {crush, rElec rPois}
rCold  . . .     Gourm    .     F - +2 leather armour {rF+}
rNeg   . . .     Faith    .     (shield currently unavailable)
rPois  +         Spirit   .     N - +2 helmet {SInv}
rElec  +         Dismiss  .     b - +1 cloak
rCorr  .         Reflect  .     s - +0 pair of gloves
SustAt +         Harm     +     (no boots)
MR     .....                    p - amulet of harm
Stlth  +.........               P - ring of loudness (curse)
                                e - +2 ring of evasion

@: drained, not resistant to hostile enchantments, very unstealthy
A: frail 2, high mp 1, slow regeneration 1, evolution 1, sustain attributes
a: no special abilities


You were on level 8 of the Dungeon.
You were not hungry.

You visited 1 branch of the dungeon, and saw 8 of its levels.

You collected 458 gold pieces.

Inventory:

Hand Weapons
 a - a +1 hand crossbow
 c - the +7 quarterstaff "Cefenuzoi" (weapon) {crush, rElec rPois}
   (You found it on level 5 of the Dungeon)

   It inflicts extra damage upon your enemies.
   It insulates you from electricity.
   It protects you from poison.
 o - a +2 short sword of speed
 D - a +0 dagger of venom
 T - a +2 dagger of freezing
Missiles
 d - 75 bolts
Armour
 b - a +1 cloak (worn)
 s - a +0 pair of gloves (worn)
 F - a +2 leather armour of fire resistance (worn)
 N - a +2 helmet of see invisible (worn)
Jewellery
 e - a +2 ring of evasion (left hand)
 p - an amulet of harm (around neck)
 L - an uncursed ring of wizardry
 M - an uncursed ring of resist corrosion
 O - the cursed ring of Fetrov {rN+ Int-4}
   (You found it on level 6 of the Dungeon)

   [ring of intelligence]

   It affects your intelligence (-4).
   It protects you from negative energy.
   It has a curse placed upon it.
 P - a cursed ring of loudness (right hand)
Wands
 z - a wand of iceblast (13/15)
 H - a wand of acid (13/15)
 J - a wand of iceblast (9/15)
 Q - a wand of acid (7/15)
 Z - a wand of iceblast (4/15)
Scrolls
 g - a scroll of fog {unknown}
 i - 4 scrolls of noise {unknown}
 j - 5 scrolls of teleportation {unknown}
 m - 4 scrolls of remove curse {unknown}
 r - a scroll of blinking {unknown}
 v - 3 scrolls of enchant armour {unknown}
 y - a scroll of recharging {unknown}
 A - 3 scrolls of random uselessness {unknown}
 K - 4 scrolls of identify
 U - a scroll of enchant weapon {unknown}
 W - a scroll of vulnerability {unknown}
Potions
 h - a potion of cancellation
 l - a potion of haste
 n - a potion of brilliance
 q - 3 potions of lignification
 x - a potion of might
 B - a potion of resistance
 E - a potion of beneficial mutation
 G - 4 potions of heal wounds
 I - 2 potions of degeneration {unknown}
 R - a potion of invisibility {unknown}
 S - a potion of cure mutation {unknown}
 X - a potion of agility
 Y - a potion of flight {unknown}
Comestibles
 f - 4 bread rations
 k - a slice of pizza
 t - 3 fruits
 u - a royal jelly
 w - 2 beef jerkies
 C - 3 meat rations


   Skills:
 * Level 8.6(7.7) Fighting
 + Level 7.0(6.2) Crossbows
 + Level 6.1(5.3) Dodging
 - Level 0.8(0.1) Stealth


You had 8 spell levels left.
You didn't know any spells.

Dungeon Overview and Level Annotations

Branches:
Dungeon (8/15)             Temple (0/1) D:4
   Lair: D:8-11

Shops:
D:6 *   D:7 }


Innate Abilities, Weirdness & Mutations

You have an increased reservoir of magic (+10% MP).
Your attributes are resistant to harm.
You are very frail (-20% HP).
You regenerate slowly when monsters are visible.
You evolve.


Message History

You are too injured to fight recklessly!
You are too injured to fight recklessly!
You sock the wight!
You destroy the wight!
The wight completely misses you.
You sock the wight!
The wight is severely damaged.
The wight hits you but does no damage.
You hit the wight but do no damage.
The wight is severely damaged.
The wight hits you with a halberd of freezing.
* * * LOW HITPOINT WARNING * * *
You feel drained.
* * * LOW HITPOINT WARNING * * *
The wight freezes you.
* * * LOW HITPOINT WARNING * * *
You closely miss the wight.
The wight is severely damaged.
The wight hits you with a halberd of freezing!
You die...

.##..........## #.#
#........ .##...######.#
#.##.####.#.## ......#
####.#######.#.........#.
####..#
#.......).##.#######.#.#.
......#
#.##......##'##..........
.####.# #
#............###...#.#
....#.# #............#
#...... ....#.#
#...)))......###......
.####.#
#....@z.....#.........
......#
#......######.##....#.
####### #......#
#.#<....#. #......#
#.##.#.##. #......#
#.##.#.... ###.# #......#
#.##...... ....#.
##....## #.########
....... #....#
###.......# #####.#
#....# #.......#.#


You could see a wight.

Vanquished Creatures
  Joseph (D:8)
  Menkaure (D:5)
  Edmund (D:5)
  An ice beast (D:6)
  An orc warrior (D:7)
  A phantom (D:4)
  5 centaurs
  2 giant frogs
  2 scorpions
  4 wights (D:8)
  2 howler monkeys
  3 crimson imps
  2 giant frog zombies
  3 hounds
  5 orc priests
  2 jellies
  A giant frog skeleton (D:5)
  6 orc wizards
  Natasha (thrice) (D:2)
  3 worker ants
  7 adders
  4 gnolls
  2 oozes
  2 adder skeletons (D:6)
  2 worms (D:2)
  2 dart slugs (D:1)
  11 giant geckos
  22 orcs
  4 bats
  2 giant cockroaches (D:2)
  8 goblins
  6 hobgoblins (D:1)
  10 jackals
  5 kobolds
  3 quokkas
  A ball python (D:2)
  A giant cockroach zombie (D:5)
  2 giant gecko skeletons
  5 giant newts
  A jackal zombie (D:5)
  A quokka skeleton (D:8)
  7 rats
157 creatures vanquished.

Notes
Turn   | Place    | Note
--------------------------------------------------------------
     0 | D:1      | Oddball22 the Demigod Hunter began the quest for the Orb.
     0 | D:1      | Reached XP level 1. HP: 17/17 MP: 3/3
    75 | D:1      | Reached skill level 2 in Fighting
   342 | D:1      | Reached XP level 2. HP: 8/24 MP: 4/4
   920 | D:1      | Reached XP level 3. HP: 24/30 MP: 5/5
  1596 | D:2      | Reached skill level 3 in Fighting
  1645 | D:2      | Reached XP level 4. HP: 38/38 MP: 6/6
  1811 | D:2      | Noticed Natasha
  1816 | D:2      | Killed Natasha
  2088 | D:2      | Noticed Natasha
  2094 | D:2      | Killed Natasha
  2177 | D:2      | Noticed Natasha
  2185 | D:2      | Killed Natasha
  2185 | D:2      | Reached XP level 5. HP: 24/46 MP: 7/7
  2731 | D:3      | Reached skill level 4 in Fighting
  3274 | D:4      | Found a staircase to the Ecumenical Temple.
  3365 | D:4      | Reached XP level 6. HP: 52/53 MP: 8/8
  3710 | D:4      | Gained mutation: You are frail (-10% HP). [potion of mutation]
  3710 | D:4      | Gained mutation: You are very frail (-20% HP). [potion of mutation]
  3710 | D:4      | Gained mutation: You evolve. [potion of mutation]
  3917 | D:4      | Reached skill level 5 in Fighting
  3917 | D:4      | Reached skill level 5 in Crossbows
  3966 | D:5      | Entered Level 5 of the Dungeon
  4067 | D:5      | Got a twisted quarterstaff
  4068 | D:5      | Identified the +7 quarterstaff "Cefenuzoi" {crush, rElec rPois} (You found it on level 5 of the Dungeon)
  4113 | D:5      | Noticed Edmund
  4121 | D:5      | Killed Edmund
  4121 | D:5      | Reached XP level 7. HP: 18/48 MP: 9/9
  4615 | D:5      | Noticed Menkaure
  4619 | D:5      | Killed Menkaure
  4619 | D:5      | Reached skill level 6 in Fighting
  4924 | D:5      | Gained mutation: You regenerate slowly when monsters are visible. [evolution]
  5295 | D:6      | Reached XP level 8. HP: 56/56 MP: 10/10
  5572 | D:6      | Got a coiled marble ring
  5631 | D:6      | Reached skill level 5 in Dodging
  5801 | D:6      | Reached skill level 7 in Fighting
  5909 | D:6      | Found Jel Puy's General Store.
  6063 | D:6      | Identified the cursed ring of Fetrov {rN+ Int-4} (You found it on level 6 of the Dungeon)
  6300 | D:7      | Found Iticekh's Quality Used Wands.
  6608 | D:8      | Found a blossoming altar of Fedhas.
  6610 | D:8      | Noticed Joseph
  6640 | D:8      | Killed Joseph
  6640 | D:8      | Reached skill level 8 in Fighting
  6640 | D:8      | Reached XP level 9. HP: 27/64 MP: 11/11
  7248 | D:8      | Mangled by a wight

Vault maps used:
D:1:      dpeg_arrival_three_bigger_balls
D:2:      first_bread, uniq_natasha
D:4:      minmay_temple_entry_large_hall
D:5:      grunt_ministairs_15, uniq_menkaure, uniq_edmund
D:6:      serial_shops, nicolae_shop_waterfront, grunt_ministairs_2
D:7:      nicolae_for_you_no_charge
D:8:      overflow_temple_1_default, uniq_joseph

Skill      XL: |  1  2  3  4  5  6  7  8  9 |
---------------+----------------------------+-----
Fighting       | 2 3 4 5 6 8 |  8.6
Dodging        | 2 3 4 5 6 |  6.1
Crossbows      | 4 5 6 7 |  7.0
Stealth        | |  0.8

Action                   |  1- 3 |  4- 6 |  7- 9 || total
-------------------------+-------+-------+-------++-------
Melee: Short sword       |   158 |   157 |       ||   315
       Dagger            |       |     7 |       ||     7
       Quarterstaff      |       |    16 |   157 ||   173
 Fire: Hand crossbow     |     3 |    20 |     5 ||    28
  Use: Potion            |       |     6 |       ||     6
       Scroll            |       |     1 |     7 ||     8
 Stab: Sleeping          |     5 |     4 |       ||     9
       Distracted        |       |     1 |     1 ||     2
  Eat: Chunk             |     2 |     8 |    10 ||    20
Armor: Leather armour    |    27 |    16 |    40 ||    83
       Skin              |       |    34 |       ||    34
Dodge: Dodged            |    88 |    60 |   143 ||   291
